AoeStats
← tavoo

Arabia

509490744Analyzed
2v2 RM · 6d ago on Sep 27, 2026· 32m 45s· 4 players
Game mode
Random Map
Map size
Medium (4 player)
Population
200
Speed
Normal
Resources
Standard
Victory
Conquest
Starting age
Dark Age
Ending age
Imperial Age
RankedLock teamsTeams togetherTeam positionsShared explorationLock speedFull tech treeHidden civsTurbo modeCheats
Victory
Defeat
🇦🇷 Japanese · Argentina
1294
+11
🇦🇷 Slavs · Argentina
1153
+16
🇨🇦 Hindustanis · Canada
1203
-15
🇲🇽 Spanish · Mexico
1141
-12
thk_ultra
2:39 Loom
16:01 Feudal Age
19:16 Wheelbarrow
18:27 Town Watch
19:54 Double-Bit Axe
20:03 Gold Mining
19:58 Horse Collar
25:46 Fletching
tavoo
7:19 Loom
9:55 Feudal Age
10:07 Man-at-Arms
17:08 Fletching
Etman
3:46 Loom
10:40 Feudal Age
11:27 Double-Bit Axe
15:07 Forging
16:38 Bloodlines
18:05 Horse Collar
19:06 Scale Barding Armor
25:05 Castle Age
25:51 Husbandry
26:05 Light Cavalry
27:38 Iron Casting
27:24 Chain Barding Armor
27:57 Bow Saw
32:19 Town Watch
33:02 Town Patrol
PomaPomita
7:44 Loom
10:07 Feudal Age
10:10 Man-at-Arms
14:11 Forging
17:38 Double-Bit Axe
23:33 Castle Age
22:27 Gold Mining
23:08 Bloodlines
23:04 Scale Barding Armor
23:49 Town Watch
24:36 Husbandry
24:57 Light Cavalry
27:02 Chain Barding Armor
31:34 Horse Collar
32:40 Wheelbarrow
32:44 Heavy Plow
Connection lost

Rejoining the realm…

Still unreachable

The connection could not be restored.

Session expired

The server has moved on; the page needs a fresh start.